[Event "Late-Titled-Tuesday-Blitz-June-04-2024"]
[Site "Chess.com"]
[Date "2024.06.04"]
[Round "1"]
[White "IMRosen"]
[Black "MaxLeto"]
[Result "0-1"]
[WhiteElo "2752"]
[BlackElo "2446"]
[TimeControl "180+1"]
[EndTime "14:07:36 PDT"]
[Termination "MaxLeto won on time"]

1. d4 h5 2. e4 h4 3. Nc3 d6 4.
Be3 h3 5. Nxh3 Bxh3 6. gxh3 Nc6 7. d5 Ne5 8. f4 Nd7 9. Qd2 c6 10. O-O-O Ngf6 11. Rg1 Qa5 12. Kb1 g6 13. Bd4 Rh4 14. Qf2 Rh5 15. Be2 Rxh3 16. e5 Nxd5 17. Nxd5 Qxd5 18.
Bg4 Rh7 19. Bc3 Qc4 20. exd6 exd6 21. Rge1+ Kd8 22. Rd4 Qb5 23. a4 Qc5 24. Qd2 a5 25. Rde4 Kc7 26. Qe2 f5 27. Bd4 Qd5 28. Re8 Rxe8 29.
Qxe8 fxg4 30. Ba7 Re7 31. Rxe7 Qd1+ 32. Ka2 Qd5+ 33. b3 Bxe7 34. Qxe7 Qd2 35. Qe4 Qxh2 36. Qxg6 Qxf4 37. Qg7 g3 38. Bd4 Qf3 39. Bc3 g2 40. Bxa5+ b6 41. Bc3 Qf2 0-1

[Event "Late-Titled-Tuesday-Blitz-June-04-2024"]
[Site "Chess.com"]
[Date "2024.06.04"]
[Round "1"]
[White "Viktor_Poddubnyi"]
[Black "ManMish2"]
[Result "1-0"]
[WhiteElo "2382"]
[BlackElo "2657"]
[TimeControl "180+1"]
[EndTime "14:07:36 PDT"]
[Termination "Viktor_Poddubnyi won by checkmate"]

1. e4 e5 2. f4 d5 3. exd5 exf4 4.
Nf3 Nf6 5. c4 c6 6. d4 cxd5 7.
Bxf4 Nc6 8. Nc3 Bb4 9. Bd3 O-O 10. O-O Bg4 11. a3 Be7 12. Kh1 Rc8 13. b3 Nxd4 14. Bxh7+ Nxh7 15. Qxd4 dxc4 16. Nd5 Bf6 17. Nxf6+ Nxf6 18. Bd6 Bxf3 19. Rxf3 cxb3 20. Rh3 Ne8 21. Qe4 g6 22. Be5 Ng7 23. Qf4 g5 24. Qe4 f5 25. Qe2 Qd5 26. Bxg7 Kxg7 27. Qh5 Kf6 28. Qh6+ Ke7 29. Re1+ Kd7 30. Qxg5 b2 31. Qe7+ Kc6 32.
Rc3+ Kb6 33. Re6+ Qxe6 34. Qxe6+ Kb5 35. Rb3+ Ka5 36. Qd5+ Ka6 37. Qb5# 1-0

[Event "Late-Titled-Tuesday-Blitz-June-04-2024"]
[Site "Chess.com"]
[Date "2024.06.04"]
[Round "1"]
[White "Rud_Makarian"]
[Black "jlf287"]
[Result "1-0"]
[WhiteElo "2982"]
[BlackElo "2506"]
[TimeControl "180+1"]
[EndTime "14:07:40 PDT"]
[Termination "Rud_Makarian won by resignation"]

1. c4 c6 2. Nf3 d5 3. d4 Nf6 4. Nc3 e6 5. Bg5 Nbd7 6. e3 Qa5 7.
Nd2 Bb4 8. Rc1 dxc4 9. Bxf6 Nxf6 10. Nxc4 Qc7 11. g3 O-O 12. Bg2 Rd8 13. O-O c5 14. Qb3 Bxc3 15. bxc3 Rb8 16. Rfd1 b6 17. dxc5 Ba6 18.
cxb6 axb6 19. Na3 Rxd1+ 20. Rxd1 Rd8 21. h3 h6 22. Rd4 Rc8 23. Ra4 Bd3 24. c4 Be4 25.
Bf1 Bf3 26. Nb5 Qd8 27. Nd4 Ba8 28. Ra7 Ne4 29. Qb5 Nc5 30. Qb2 Bb7 31. Bg2 Ra8 32.
Rxb7 Nxb7 33. Bxb7 Ra7 34. Bf3 Rd7 35. Kg2 Rd6 36.
Qb4 Qb8 37. c5 Rd8 38. Nc6 1-0

[Event "Late-Titled-Tuesday-Blitz-June-04-2024"]
[Site "Chess.com"]
[Date "2024.06.04"]
[Round "1"]
[White "luca_va99"]
[Black "Bilan_Danila"]
[Result "0-1"]
[WhiteElo "2182"]
[BlackElo "2554"]
[TimeControl "180+1"]
[EndTime "14:07:40 PDT"]
[Termination "Bilan_Danila won by resignation"]

1. e4 c6 2. Ne2 d5 3. Nbc3 e5 4. exd5 cxd5 5. d4 e4 6. Bf4 Nf6 7. Nb5 Na6 8. c3 Be7 9. Na3 O-O 10. Nc2 Nh5 11. Be5 f6 12. Bg3 f5 13. Nf4 Nxf4 14. Bxf4 g5 15. Be5 Nb8 16. Bb5 Bd7 17. Qe2 a6 18.
Bxd7 Qxd7 19. h4 g4 20. Qd2 Qe6 21. O-O-O Nc6 22. Qf4 Nxe5 23. dxe5 Bc5 24. Nd4 Bxd4 25.
cxd4 Rac8+ 26. Kb1 Rc6 27. Rc1 Rfc8 28. Rxc6 Qxc6 29.
Qd2 Kg7 30. Qg5+ Kh8 31. g3 h6 32. Qd2 Kg7 33. Rc1 Qd7 34. Rxc8 Qxc8 35. Qb4 Qc7 36. a4 a5 37. Qb5 Qf7 38. Ka2 f4 39. gxf4 Qxf4 40.
Qxb7+ Qf7 41. Qxd5 Qxd5+ 42. b3 Qxd4 43. e6 Qxf2+ 44.
Ka3 Qc5+ 45. Kb2 e3 46. e7 Qxe7 0-1

[Event "Late-Titled-Tuesday-Blitz-June-04-2024"]
[Site "Chess.com"]
[Date "2024.06.04"]
[Round "1"]
[White "NCchamp"]
[Black "Harry_Rakkel"]
[Result "1-0"]
[WhiteElo "2414"]
[BlackElo "2700"]
[TimeControl "180+1"]
[EndTime "14:07:41 PDT"]
[Termination "NCchamp won by resignation"]

1. d4 Nf6 2. Bg5 e6 3. e4 h6 4. Bxf6 Qxf6 5. c3 b6 6. Bd3 Bb7 7. Nd2 g5 8. Ne2 d6 9. O-O e5 10. Nc4 Nc6 11. Ne3 exd4 12. cxd4 O-O-O 13. Nf5 Ne7 14. Nxe7+ Bxe7 15. Qa4 Kb8 16. Nc3 Qe6 17. Bc4 Qd7 18.
Qxd7 Rxd7 19. Bxf7 Bf6 20. Be6 Re7 21. d5 Rhe8 22.
Rad1 Bc8 23. Bxc8 Kxc8 24. f3 Bxc3 25. bxc3 Kb7 26. Kf2 Ka6 27. Ke3 Kb5 28. Rd4 a5 29. a4+ Ka6 30. g3 Rg7 31. Rc4 Kb7 32. Rd4 h5 33. Rg1 Rf8 34. Rd2 Re7 35. Rf2 Rfe8 36. Re1 c6 37. c4 cxd5 38. cxd5 Rc8 39. Rb2 Rc3+ 40. Kd4 Ra3 41. Reb1 Rxa4+ 42. Ke3 Rb4 43. Rxb4 axb4 44. Rxb4 Ka6 45. f4 gxf4+ 46. gxf4 Ka5 47.
Rb1 b5 48. Kd4 b4 49. Ra1+ Kb5 50. e5 dxe5+ 51. fxe5 b3 52. d6 Rb7 53. Kd5 Kb4 54. e6 Rb5+ 55. Kc6 Rc5+ 56. Kd7 Ra5 57. Rb1 Ra7+ 58.
Ke8 Ra6 59. Ke7 Kc3 60. d7 Kc2 61. Rxb3 1-0

[Event "Late-Titled-Tuesday-Blitz-June-04-2024"]
[Site "Chess.com"]
[Date "2024.06.04"]
[Round "1"]
[White "Abund"]
[Black "Eloist"]
[Result "1/2-1/2"]
[WhiteElo "2802"]
[BlackElo "2457"]
[TimeControl "180+1"]
[EndTime "14:07:43 PDT"]
[Termination "Game drawn by repetition"]

1. e4 e6 2. d4 d5 3. Nd2 c5 4. Ngf3 cxd4 5. Nxd4 Nc6 6. Bb5 Bd7 7. Nxc6 bxc6 8.
Bd3 Bd6 9. Qe2 Qc7 10. Nf3 Ne7 11. e5 Bb4+ 12. c3 Ba5 13. O-O c5 14. Bg5 Ng6 15. h4 h6 16. Bd2 O-O 17. Rfe1 Rab8 18. b3 Bb6 19. c4 Bc6 20. Rad1 dxc4 21. Bxc4 Bxf3 22.
Qxf3 Nxe5 23. Qg3 Nxc4 24. Bf4 e5 25. Bxh6 f6 26. bxc4 Rfd8 27. Rd5 Rxd5 28. cxd5 c4 29. d6 Qd7 30. Rd1 Bd4 31. Be3 c3 32. Bxd4 exd4 33.
Kh2 c2 34. Rc1 Rc8 35. Qb3+ Kh8 36. Rxc2 Qxd6+ 37. g3 Rxc2 38. Qxc2 d3 39. Qc8+ Kh7 40. Qf5+ Kg8 41. Qc8+ Kf7 42. Qb7+ Kg8 43. Qc8+ Kf7 44. Qb7+ Kf8 45. Qc8+ Kf7 1/2-1/2

[Event "Late-Titled-Tuesday-Blitz-June-04-2024"]
[Site "Chess.com"]
[Date "2024.06.04"]
[Round "1"]
[White "Onthequiet"]
[Black "Hasangatin_Ramil"]
[Result "1-0"]
[WhiteElo "2432"]
[BlackElo "2726"]
[TimeControl "180+1"]
[EndTime "14:07:44 PDT"]
[Termination "Onthequiet won on time"]

1. e4 d5 2. exd5 Qxd5 3. Nf3 Bg4 4. Be2 Nc6 5. O-O O-O-O 6. Nc3 Qd7 7. d3 Nf6 8. Ng5 Bxe2 9. Nxe2 e6 10. Ng3 Bd6 11.
Bd2 Bxg3 12. hxg3 h6 13. Nf3 Nd5 14. Re1 Rhe8 15. a3 Kb8 16. b4 Nb6 17. Bc3 f6 18.
Rb1 e5 19. b5 Nd4 20. Bxd4 exd4 21. Rxe8 Rxe8 22. Qd2 Qd6 23. Qb4 Qxb4 24. Rxb4 Re2 25.
Rxd4 Kc8 26. c4 Nd7 27. Re4 Rxe4 28. dxe4 Nb6 29. Nd2 Kd7 30. Kf1 Kd6 31. Ke2 c6 32. bxc6 Kxc6 33. Kd3 Kc5 34. Nb3+ Kc6 35. Na5+ Kc7 36. c5 Nd7 37. Kd4 Ne5 38. f4 Ng6 39.
Kd5 b6 40. cxb6+ axb6 41. Ke6 Nf8+ 42. Kf7 Nd7 43. Nc4 g5 44. Kg6 b5 45. Ne3 Nc5 46.
Nd5+ Kd6 47. Nxf6 Ke6 48. e5 Nd3 49. Nh5 1-0

[Event "Late-Titled-Tuesday-Blitz-June-04-2024"]
[Site "Chess.com"]
[Date "2024.06.04"]
[Round "1"]
[White "NikolaGry"]
[Black "Nick12772"]
[Result "1-0"]
[WhiteElo "2706"]
[BlackElo "2388"]
[TimeControl "180+1"]
[EndTime "14:07:44 PDT"]
[Termination "NikolaGry won on time"]

1. d3 Nf6 2. d4 g6 3. Nf3 Bg7 4. Bf4 O-O 5. e3 d5 6. h3 c6 7. c3 Ne4 8. Nbd2 Nxd2 9. Qxd2 Nd7 10. Be2 Re8 11. O-O Nf6 12. c4 Ne4 13. Qc2 Bf5 14. Bd3 Nd6 15. Bxf5 Nxf5 16. Rfd1 e6 17. Rac1 Nd6 18.
b3 Ne4 19. Ne5 Rc8 20. a4 h5 21. Bh2 Qa5 22. Nd3 Kh7 23. b4 Qd8 24. c5 a6 25.
Rb1 Ra8 26. f3 Nf6 27. b5 axb5 28. axb5 h4 29. bxc6 bxc6 30. Ne5 Nh5 31. Nxf7 Qf6 32. Rb7 Re7 33. Rxe7 Qxe7 34. Ne5 Qg5 35. f4 Qf6 36. Nxc6 Ra3 37. Re1 Ng3 38. Bxg3 hxg3 39. Ne5 Qd8 40.
Qxg6+ Kg8 41. Qxe6+ Kh7 42. Qf5+ Kg8 43. c6 Bxe5 44.
fxe5 Qc7 45. Rf1 Qxc6 46. Qf8+ Kh7 47. Rf7+ Kg6 48. Qg7+ 1-0

[Event "Late-Titled-Tuesday-Blitz-June-04-2024"]
[Site "Chess.com"]
[Date "2024.06.04"]
[Round "1"]
[White "traviscottofficial"]
[Black "Pachonpower"]
[Result "1-0"]
[WhiteElo "2687"]
[BlackElo "2374"]
[TimeControl "180+1"]
[EndTime "14:07:44 PDT"]
[Termination "traviscottofficial won by checkmate"]

1. Na3 e5 2. Nc4 Qe7 3. e4 Nf6 4. d3 c6 5. Nf3 d6 6. Be2 Be6 7. b3 Nbd7 8. O-O b5 9. Na5 Rc8 10. a4 b4 11. Be3 c5 12. Nd2 Nb6 13. f4 Qc7 14. f5 Bd7 15. Nac4 Bc6 16. g4 d5 17. Nxb6 axb6 18. g5 Nd7 19. exd5 Bxd5 20.
Bf3 Qc6 21. Nc4 Be7 22. Bxd5 Qxd5 23. Qg4 f6 24. Rae1 fxg5 25. Bxg5 Bxg5 26. Qxg5 O-O 27. Re4 Rf6 28. Ne3 Qf7 29. Ng4 Rfc6 30. f6 Qg6 31. Qxg6 hxg6 32. f7+ Kf8 33. Nxe5 Nxe5 34. Rxe5 Rb8 35.
Rd5 Rf6 36. Rxf6 gxf6 37. Rd7 b5 38. axb5 Rxb5 39. Rc7 Ra5 40. Kg2 Kg7 41. Kf3 g5 42. Ke4 Rb5 43. Kd5 Ra5 44. Ke6 Ra1 45. f8=Q+ Kxf8 46. Kxf6 Ra6+ 47. Kxg5 Ra1 48. Kf6 Rf1+ 49. Ke6 Rh1 50.
Rc8+ Kg7 51. Rxc5 Rxh2 52. Kd5 Kf6 53. Rc4 Ke7 54. Kc5 Kd7 55. Kxb4 Kd6 56. Kc3 Kd5 57.
b4 Rh1 58. b5 Rb1 59. Rb4 Ra1 60. b6 Ra8 61. b7 Rb8 62. d4 Kc6 63. Kc4 Kd6 64. Rb6+ Kc7 65. Kc5 Rxb7 66. Rxb7+ Kxb7 67. Kd6 Kc8 68. d5 Kd8 69. c4 Kc8 70. Ke7 Kc7 71.
d6+ Kc6 72. d7 Kc5 73. d8=Q Kxc4 74. Ke6 Kc3 75. Kd5 Kc2 76. Kc4 Kc1 77. Kb3 Kb1 78. Qd1# 1-0

[Event "Late-Titled-Tuesday-Blitz-June-04-2024"]
[Site "Chess.com"]
[Date "2024.06.04"]
[Round "1"]
[White "BogdanDeac"]
[Black "dolynachess"]
[Result "1-0"]
[WhiteElo "3017"]
[BlackElo "2510"]
[TimeControl "180+1"]
[EndTime "14:07:45 PDT"]
[Termination "BogdanDeac won on time"]

1. b3 Nf6 2. Bb2 g6 3. Nf3 Bg7 4. g3 O-O 5. Bg2 c5 6. c4 Nc6 7. O-O a6 8. d4 d6 9. Nc3 cxd4 10. Nxd4 Nxd4 11. Qxd4 Rb8 12. Rfd1 Be6 13. Nd5 Bxd5 14.
Bxd5 b5 15. cxb5 axb5 16. Bg2 b4 17. Qa7 Nd7 18. Bxg7 Kxg7 19. Rac1 Nf6 20. Rc4 Rb5 21. Rc7 e6 22. e4 d5 23. exd5 exd5 24. Re1 Qb8 25. h3 Qxa7 26. Rxa7 h5 27. Bf3 d4 28. Rd1 Rd8 29. Be2 Rbd5 30. Rb7 d3 31. Bf3 Rd4 32.
Re7 R8d6 33. Re3 Ra6 34. Rd2 Rad6 35. Kf1 g5 36. Kg1 g4 37. hxg4 hxg4 38. Bg2 Kg6 39. Bf1 Ne4 40. Rdxd3 Nc3 41. Rxd4 Rxd4 42. a4 Rd1 43.
Kg2 Rb1 44. Bd3+ Kg5 45. Bxb1 Nxb1 46. a5 Nd2 47. a6 1-0

[Event "Late-Titled-Tuesday-Blitz-June-04-2024"]
[Site "Chess.com"]
[Date "2024.06.04"]
[Round "1"]
[White "Road2GM3000"]
[Black "grzechu96"]
[Result "0-1"]
[WhiteElo "2444"]
[BlackElo "2797"]
[TimeControl "180+1"]
[EndTime "14:07:45 PDT"]
[Termination "grzechu96 won by resignation"]

1. d4 d5 2. c4 e6 3. Nc3 c6 4. cxd5 exd5 5. Nf3 Bd6 6. Bg5 Ne7 7. e3 Bf5 8. Bd3 f6 9. Bh4 Qd7 10. Bg3 Bxd3 11.
Qxd3 Nf5 12. Bxd6 Nxd6 13. O-O-O O-O 14. h3 Na6 15. Kb1 Rae8 16. g4 Ne4 17. Qc2 Nc7 18.
Nxe4 dxe4 19. Ng1 f5 20. Ne2 Nd5 21. Nc3 fxg4 22. Nxd5 cxd5 23. hxg4 Qxg4 24. Rdg1 Qd7 25. Rh5 Rf5 26. Rxf5 Qxf5 27. Qc7 Qf7 28. Qd6 Kh8 29. Rg2 h6 30. a3 Kh7 31. Ka2 Qe6 32. Qc5 a6 33.
Qc7 Re7 34. Qd8 Rf7 35. Qh4 Qf6 36. Qg3 Qf5 37. Qd6 Qd7 38. Qg6+ Kh8 39. Rh2 a5 40. Rh5 Rxf2 41. Qg3 Rf5 42. Rxf5 Qxf5 43. Qb8+ Kh7 44. Qxb7 h5 45. b4 axb4 46. axb4 h4 47. b5 h3 48. Qb8 Qf2+ 49. Ka3 h2 0-1

[Event "Late-Titled-Tuesday-Blitz-June-04-2024"]
[Site "Chess.com"]
[Date "2024.06.04"]
[Round "1"]
[White "Jesseinkman"]
[Black "th3d4rkness"]
[Result "1-0"]
[WhiteElo "2552"]
[BlackElo "2178"]
[TimeControl "180+1"]
[EndTime "14:07:48 PDT"]
[Termination "Jesseinkman won on time"]

1. e4 c5 2. Nf3 Nc6 3. d4 cxd4 4.
Nxd4 Nf6 5. Nc3 e5 6. Ndb5 d6 7. Bg5 a6 8. Na3 b5 9. Nd5 Qa5+ 10. Bd2 Qd8 11. Bg5 Qa5+ 12. Bd2 Qd8 13. Bd3 Nxd5 14. exd5 Ne7 15. c4 bxc4 16. Nxc4 Nf5 17. Ba5 Qg5 18. Nb6 Qxg2 19. Qa4+ Ke7 20. Be4 Qg4 21. Nxa8 Nd4 22. f3 Qg2 23. O-O-O Bd7 24. Qb4 g6 25. Qd2 Qh3 26. Kb1 Bh6 27. Qd3 Rxa8 28. Bc3 Nb5 29. f4 Nxc3+ 30. Qxc3 Qxc3 31. bxc3 Rb8+ 32. Ka1 Bxf4 33.
Rb1 Rb5 34. Rxb5 axb5 35. Bd3 f5 36. Rb1 e4 37. Bxb5 Be5 38. Rb3 Bxb5 39. Rxb5 Bxc3+ 40. Kb1 e3 41. Rb7+ Kf6 42. Rb8 Bd2 43. Re8 f4 44. Kc2 Kg5 45. Kd3 Kg4 46. Rf8 f3 47.
a4 1-0

[Event "Late-Titled-Tuesday-Blitz-June-04-2024"]
[Site "Chess.com"]
[Date "2024.06.04"]
[Round "1"]
[White "Kiborg95"]
[Black "merinasian"]
[Result "1-0"]
[WhiteElo "2905"]
[BlackElo "2481"]
[TimeControl "180+1"]
[EndTime "14:07:49 PDT"]
[Termination "Kiborg95 won by resignation"]

1. e4 d6 2. d4 Nd7 3. Nc3 g6 4.
f4 Bg7 5. Nf3 c5 6. Be3 a6 7.
dxc5 dxc5 8. Qd2 Ngf6 9. O-O-O O-O 10. Bxc5 b6 11. Bd4 Bb7 12. Bd3 b5 13. e5 Nd5 14. Kb1 N7b6 15. h4 Rc8 16. h5 Nxc3+ 17. Bxc3 Na4 18. Ba5 Qd5 19. hxg6 hxg6 20. Qf2 b4 21. Bxb4 a5 22. Bxe7 Rfe8 23. Bxg6 Nc3+ 24. bxc3 Qb5+ 25. Ka1 fxg6 26. Bf6 Qc4 27. Qd4 Qxc3+ 28. Qxc3 Rxc3 29. Bxg7 Bxf3 30. gxf3 Kxg7 31. Rd7+ Kg8 32. Rhh7 Rec8 33. Rhg7+ Kf8 34. Rxg6 Rxc2 35. Rb7 Rf2 36. Ra6 Rc1+ 37. Rb1 Rcc2 38. Rxa5 Rxf3 39. Ra4 Rff2 40. Re1 Rc7 41. e6 Ke7 42. Rae4 Ra7 43. R1e2 Rf1+ 44.
Kb2 Rf3 45. R2e3 Rf2+ 46. Re2 Rf3 47. a4 Rh3 48. Rd4 Rh5 49. Rd7+ Ke8 50. Rxa7 1-0

[Event "Late-Titled-Tuesday-Blitz-June-04-2024"]
[Site "Chess.com"]
[Date "2024.06.04"]
[Round "1"]
[White "kemelgallo"]
[Black "Chessdude1987"]
[Result "1-0"]
[WhiteElo "2718"]
[BlackElo "2399"]
[TimeControl "180+1"]
[EndTime "14:07:49 PDT"]
[Termination "kemelgallo won on time"]

1. e4 e6 2. d4 d5 3. Nd2 c5 4.
exd5 Qxd5 5. Ngf3 cxd4 6. Bc4 Qd6 7. O-O Nf6 8. Nb3 Nc6 9. Nbxd4 Nxd4 10. Nxd4 Be7 11. c3 O-O 12. Qe2 Bd7 13. Rd1 Qc7 14. Bd3 Bd6 15. Nf3 Bc6 16. Bg5 Ng4 17. h3 Ne5 18.
Nxe5 Bxe5 19. Be4 Bxe4 20. Qxe4 h6 21. Be3 Rfd8 22. Rxd8+ Rxd8 23. Bxa7 b6 24. Bxb6 Qxb6 25. Qxe5 Qxb2 26. Qe1 Rd2 27. Rb1 Qc2 28. c4 Re2 29.
Qc1 Rxf2 30. Qxc2 Rxc2 31. Rb8+ Kh7 32. Rb7 Kg6 33. a4 Rxc4 34. a5 Ra4 35. Ra7 Ra2 36. Kh2 Ra3 37. Kg1 Ra2 38. Kh2 Ra3 39. a6 e5 40. Ra8 e4 41. a7 Kh7 42. Kg1 e3 43.
Kf1 Ra2 44. g3 h5 45. h4 g6 46.
Ke1 Kg7 47. Kf1 Kh7 48. Ke1 Kg7 49. Kd1 Kf6 50. Re8 1-0

[Event "Late-Titled-Tuesday-Blitz-June-04-2024"]
[Site "Chess.com"]
[Date "2024.06.04"]
[Round "1"]
[White "ahkashefi2800"]
[Black "MuhittinBuker"]
[Result "1-0"]
[WhiteElo "2568"]
[BlackElo "2228"]
[TimeControl "180+1"]
[EndTime "14:07:50 PDT"]
[Termination "ahkashefi2800 won by resignation"]

1. d4 Nf6 2. Nf3 d5 3. Bg5 Bf5 4. Bxf6 exf6 5. g3 Bd6 6. Bg2 O-O 7. O-O h6 8. c4 c6 9. cxd5 cxd5 10. Nc3 Be6 11. Qb3 Qb6 12. Rfc1 Qxb3 13. axb3 Nc6 14. e3 Nb4 15. Ne1 a6 16. Na4 Rfc8 17. Nb6 Rxc1 18.
Rxc1 Rd8 19. Rc3 Bb8 20. Nd3 Nxd3 21. Rxd3 Ba7 22. Na4 Rc8 23. Rc3 Rc6 24. Kf1 Kf8 25. b4 Ke7 26. Ke2 Kd6 27. Kd2 b6 28. Rxc6+ Kxc6 29. Nc3 b5 30. h4 Bb8 31. Kc2 Bd6 32.
Kb3 h5 33. Bf3 g6 34. Ne2 Bf5 35. Kc3 Bc7 36. Nc1 a5 37. Nb3 a4 38. Nc5 Bd6 39.
Be2 Bc8 40. Bd3 g5 41. Be2 g4 42. Bd3 f5 43. Bb1 f6 44. Bd3 Bc7 45. Kc2 Bd6 46. Kb1 Bc7 47. Ka2 Bd6 48. b3 axb3+ 49. Kxb3 Bc7 50.
Kc3 Bd6 51. Be2 Bc7 52. Nb3 Bd6 53. Na5+ Kb6 54. Bd1 Be6 55. Nb3 Kc6 56. Nc5 Bc8 57. Bb3 Bc7 58. Kb2 Bd6 59. Ka3 Bc7 60. Nd3 Bd6 61. Nb2 Bc7 62. Nd1 Bd6 63. Nc3 Be6 64. Bc2 Bc7 65. Bd3 Kb6 66. Bxb5 Bd6 67. Be8 Be7 68.
Bxh5 Bf8 69. Be8 Bh6 70. Ba4 Bf8 71. Bc2 Bh6 72. Bd3 Bf8 73. Kb3 Bh6 74. Na4+ Kc6 75. b5+ Kb7 76. Nc5+ 1-0

[Event "Late-Titled-Tuesday-Blitz-June-04-2024"]
[Site "Chess.com"]
[Date "2024.06.04"]
[Round "1"]
[White "KingCyber19"]
[Black "N_I_Chess"]
[Result "1-0"]
[WhiteElo "2607"]
[BlackElo "2294"]
[TimeControl "180+1"]
[EndTime "14:07:51 PDT"]
[Termination "KingCyber19 won on time"]

1. d4 Nf6 2. c4 e6 3. g3 d5 4. Bg2 dxc4 5. Nf3 Nc6 6. O-O Bd6 7. Nc3 O-O 8. e4 e5 9. d5 Ne7 10. Nd2 a6 11. Nxc4 b5 12. Nxd6 cxd6 13. h3 Re8 14.
Be3 Bb7 15. Rc1 Rc8 16. Qd2 Nd7 17. f4 exf4 18. gxf4 Ng6 19. Bd4 Nf6 20. Rce1 b4 21. Na4 a5 22. b3 Ba6 23. Rf2 Bb5 24. Bb6 Qd7 25. Bxa5 Bxa4 26. bxa4 Qxa4 27. Bxb4 Rc4 28. Bxd6 Nxe4 29. Bxe4 Rcxe4 30. Ref1 Nh4 31. Bc5 Qc4 32.
Rc1 Qb5 33. d6 Rd8 34. Qc3 h5 35. Rcf1 Nf5 36. Rg2 g6 37. Rd2 Rd7 38. Rd3 Qc6 39. Rc1 Re2 40. Bf2 Qe4 41. Qc8+ Kh7 42. Qxd7 Nh4 43.
Qxf7+ Kh6 44. Qf8+ Kh7 45. Rc7+ 1-0

[Event "Late-Titled-Tuesday-Blitz-June-04-2024"]
[Site "Chess.com"]
[Date "2024.06.04"]
[Round "1"]
[White "Mariia89"]
[Black "DishonorOnYourCow"]
[Result "0-1"]
[WhiteElo "2247"]
[BlackElo "2577"]
[TimeControl "180+1"]
[EndTime "14:07:51 PDT"]
[Termination "DishonorOnYourCow won by resignation"]

1. d4 Nf6 2. Nf3 g6 3. c4 Bg7 4. Nc3 d5 5. Bg5 Ne4 6. cxd5 Nxg5 7. Nxg5 e6 8. Nf3 exd5 9. e3 O-O 10. Be2 a5 11. O-O c6 12. h3 Qd6 13. a3 Bf5 14.
Na4 Nd7 15. Rc1 Rfc8 16. Qd2 Nf6 17. Nb6 Ne4 18. Qd1 c5 19. Nxa8 Rxa8 20. dxc5 Nxc5 21.
Nd4 Bd7 22. Bf3 Ba4 23. Qe2 Rd8 24. Rc3 Ne4 25. Rcc1 Qb6 26. Rfe1 f5 27. h4 Bxd4 28. exd4 Qxd4 29. Bxe4 fxe4 30. Rc7 Bc6 31. Qg4 Qf6 32. Qg5 Qxg5 33. hxg5 d4 34. Rd1 d3 35. Kf1 d2 36.
Ke2 Bb5+ 37. Ke3 Rd3+ 38. Kxe4 Rd6 39. Kf4 Ba4 40. Rxd2 Rxd2 41. Rxb7 Rxf2+ 42. Kg3 Rxg2+ 43. Kxg2 Bc6+ 44. Kg3 Bxb7 45. b4 axb4 46. axb4 Kf7 47. Kf4 Ke6 48. Ke3 Kf5 49. Kd4 Kxg5 50. Kc5 h5 51. Kb6 Be4 52. b5 h4 53. Kc7 h3 0-1

[Event "Late-Titled-Tuesday-Blitz-June-04-2024"]
[Site "Chess.com"]
[Date "2024.06.04"]
[Round "1"]
[White "andrejljepic"]
[Black "Nor1lsk"]
[Result "0-1"]
[WhiteElo "2408"]
[BlackElo "2724"]
[TimeControl "180+1"]
[EndTime "14:07:53 PDT"]
[Termination "Nor1lsk won by resignation"]

1. e4 c5 2. Nf3 e6 3. c3 Nf6 4. e5 Nd5 5. Bc4 Nc6 6. d4 cxd4 7.
cxd4 d6 8. O-O Be7 9. Qe2 O-O 10.
Rd1 b6 11. Bxd5 exd5 12. Nc3 dxe5 13. dxe5 Be6 14. Nb5 Bg4 15. h3 Bh5 16. Bf4 a6 17.
Nd6 f6 18. Qd2 Bxf3 19. gxf3 d4 20. Nc4 Bc5 21. e6 Qd5 22. Qe2 Rfe8 23. Re1 Qf5 24. Qe4 Ne7 25. Nd6 Bxd6 26. Bxd6 Qxe4 27. Rxe4 Nf5 28.
Bc7 b5 29. Rf4 g6 30. Re4 Rac8 31. Bb6 Rc6 32. Bxd4 Rcxe6 33. Rxe6 Rxe6 34. Bc3 Kf7 35. Kg2 h5 36. Rd1 Rd6 37. Rxd6 Nxd6 38. f4 f5 39. Kf3 Ke6 40. b3 Ne4 41. Bd4 Kd5 42. Bb2 a5 43.
Ke3 a4 44. Be5 axb3 45. axb3 Nc5 46. b4 Na6 47. Bc3 Kc4 48. Be1 Nxb4 49. Bxb4 Kxb4 50.
Kd4 Ka3 51. Ke5 b4 52. Kf6 b3 53. Kxg6 b2 54. Kxf5 b1=Q+ 55. Ke6 Qe1+ 56. Kf6 Qxf2 57. f5 Qg3 58. Ke6 Qxh3 59. Ke5 Qe3+ 0-1

[Event "Late-Titled-Tuesday-Blitz-June-04-2024"]
[Site "Chess.com"]
[Date "2024.06.04"]
[Round "1"]
[White "BabageldiAnnaberdiyev"]
[Black "JEIGOTH"]
[Result "1-0"]
[WhiteElo "2616"]
[BlackElo "2297"]
[TimeControl "180+1"]
[EndTime "14:07:53 PDT"]
[Termination "BabageldiAnnaberdiyev won by checkmate"]

1. e4 d6 2. d4 Nd7 3. Nc3 e5 4.
Nf3 Ngf6 5. Bc4 Be7 6. O-O O-O 7. h3 c6 8. a4 b6 9. d5 cxd5 10. Nxd5 Nxd5 11. Bxd5 Rb8 12. Re1 Kh8 13. c3 Nc5 14.
Be3 f5 15. Bxc5 bxc5 16. Rb1 f4 17. b4 Qc7 18. b5 Rf6 19. Kf1 a6 20. c4 a5 21. Ke2 Bb7 22. Qd3 Rg6 23. Rg1 h6 24.
Rbd1 Bc8 25. Rb1 Bb7 26. Bxb7 Qxb7 27. Rbd1 Rf6 28. Qd5 Qxd5 29. Rxd5 g6 30. Nd2 Bd8 31. Rd3 Kg8 32. Nb1 Kf7 33. Nc3 Re6 34. Nd5 Re8 35. g3 g5 36. gxf4 exf4 37. f3 Bf6 38.
Rh1 Bd4 39. Rxd4 cxd4 40. Kd3 Rbc8 41. Kxd4 Rc5 42. Rc1 Rec8 43. b6 Ke6 44. b7 Rb8 45. Rb1 Kd7 46. Rb6 Rc6 47. Rb5 Rc5 48. Rxc5 dxc5+ 49. Kxc5 h5 50. Kb6 g4 51. hxg4 hxg4 52. c5 g3 53. c6+ Kd6 54. c7 Rg8 55. b8=Q g2 56. c8=Q# 1-0

[Event "Late-Titled-Tuesday-Blitz-June-04-2024"]
[Site "Chess.com"]
[Date "2024.06.04"]
[Round "1"]
[White "Der_Balak_3Halak"]
[Black "bipe137"]
[Result "0-1"]
[WhiteElo "2377"]
[BlackElo "2690"]
[TimeControl "180+1"]
[EndTime "14:07:55 PDT"]
[Termination "bipe137 won by resignation"]

1. e4 c5 2. Nf3 e6 3. c4 Nc6 4. Nc3 Nf6 5. d3 d5 6. exd5 exd5 7. g3 dxc4 8. dxc4 Qxd1+ 9. Nxd1 Bg4 10. Be2 O-O-O 11.
Ne3 Bh3 12. Ng5 Be6 13. O-O Nd4 14. Bd1 Bd6 15. f4 Rhe8 16. Nxe6 Rxe6 17. Nd5 Nxd5 18.
cxd5 Re4 19. b3 Be7 20. Bb2 Rxd5 21. Bxd4 Rdxd4 22. Bf3 Re3 23. Rae1 Rxe1 24. Rxe1 Bf6 25. Re8+ Kc7 26. Rf8 Rd7 27. Bg4 Re7 28. Rc8+ Kb6 29.
Bf3 Kb5 30. Bd5 Kb4 31. Rf8 Bd4+ 32. Kf1 f6 33. Ra8 a6 34. Ra7 Ka3 35. Bxb7 Kxa2 36. Rxa6+ Kxb3 37. Bd5+ Kb4 38. Rb6+ Kc3 39. Rb3+ Kc2 40.
Rb8 Kd3 41. Rb3+ Bc3 42. Rb5 Kd4 43. Bg8 h5 44. Bh7 Ra7 45. Kg2 c4 46. Bg8 Bd2 47.
Kf3 Ra3+ 48. Ke2 Kc3 49. Rc5 Ra4 50. Bxc4 Rxc4 51. Rxc4+ Kxc4 52. Kxd2 Kd4 53. Ke2 Ke4 54. Kf2 Kd3 55. Kf3 Kd4 56. h3 Kd3 57. g4 h4 58.
g5 f5 59. g6 Kd4 60. Ke2 Ke4 61. Kf2 Kxf4 62. Ke2 Kg5 63. Kf3 Kxg6 64. Kf4 Kf6 65.
Kf3 g5 66. Ke3 g4 67. hxg4 fxg4 68. Kf4 h3 0-1

[Event "Late-Titled-Tuesday-Blitz-June-04-2024"]
[Site "Chess.com"]
[Date "2024.06.04"]
[Round "1"]
[White "Smoking_Crow"]
[Black "LUISMIGUELOV"]
[Result "1-0"]
[WhiteElo "2562"]
[BlackElo "2215"]
[TimeControl "180+1"]
[EndTime "14:07:57 PDT"]
[Termination "Smoking_Crow won by checkmate"]

1. e4 c6 2. Nf3 d5 3. Nc3 Bg4 4. h3 Bh5 5. Be2 dxe4 6. Nxe4 Nd7 7.
Ng3 Bg6 8. O-O Ngf6 9. d4 e6 10. c3 Be7 11. Re1 O-O 12. Nh4 c5 13. Nxg6 hxg6 14. Be3 cxd4 15. Bxd4 Qc7 16. Bf3 Rfd8 17. Qe2 Rac8 18. a4 a6 19. Rad1 Bc5 20. a5 Bxd4 21. Rxd4 Nf8 22. Red1 Rxd4 23. Rxd4 e5 24. Rb4 Qxa5 25.
Bxb7 Re8 26. Qxa6 Qxa6 27. Bxa6 Ra8 28. Ra4 Ne6 29. Bb5 Rd8 30. Ra1 Rd2 31. b3 Rb2 32. Ba4 Rc2 33. c4 Nf4 34. Nf1 Ne4 35. Ne3 Rxf2 36.
Bc6 Re2 37. Bxe4 Rxe3 38. Bf3 Rxb3 39. c5 Rc3 40. c6 f5 41. Ra8+ Kf7 42. Ra7+ Kf6 43.
Ra6 Nxh3+ 44. gxh3 e4 45. Be2 Ke7 46. Bb5 Kd6 47.
Ra7 Rc5 48. Rd7+ Ke6 49. c7 g5 50. Rxg7 f4 51. Ba6 Kf6 52. Rh7 Kg6 53. Rd7 e3 54. c8=Q Rxc8 55. Bxc8 Kh5 56. Re7 Kh4 57. Kg2 Kh5 58.
Bf5 g4 59. Bxg4+ Kh4 60. Re5 f3+ 61. Kxf3 e2 62. Rh5# 1-0